 Dungeon Crawl Stone Soup version 0.29-a0-330-g52719c12eb (webtiles) character file.

Game seed: 553163024593671226

264 Crownlay the Magician (level 6, 0/44 HPs)
             Began as a Gnoll Wanderer on May 23, 2022.
             Slain by a black bear (4 damage)
             ... on level 4 of the Dungeon.
             The game lasted 00:05:41 (4150 turns).

Crownlay the Magician (Gnoll Wanderer)              Turns: 4150, Time: 00:05:42

Health: 0/44       AC:  3    Str:  8    XL:     6   Next: 19%
Magic:  15/16      EV: 13    Int: 14    God:
Gold:   188        SH:  0    Dex: 14    Spells: 16/19 levels left

rFire   . . .      SeeInvis .   s - +9 whip "Ylan" {vorpal, rN+}
rCold   . . .      Faith    .   (no shield)
rNeg    + . .      Spirit   .   f - +0 robe
rPois   .          Reflect  .   (no helmet)
rElec   .          Harm     .   (no cloak)
rCorr   .          Rampage  .   (no gloves)
Will    +....                   d - +0 pair of boots
Stlth   +++.......              (no amulet)
HPRegen 0.14/turn               k - ring of willpower
MPRegen 0.15/turn               (no ring)

@: no status effects
A: fangs 1, strong nose, distributed training
a: no special abilities


You were on level 4 of the Dungeon.
You visited 1 branch of the dungeon, and saw 4 of its levels.

You collected 188 gold pieces.

Inventory:

Hand Weapons
 s - the +9 whip "Ylan" (weapon) {vorpal, rN+}
   (You found it on level 3 of the Dungeon)

   It inflicts extra damage upon your enemies.
   rN:        It protects you from negative energy.
Missiles
 b - 2 atropa-tipped darts
Armour
 d - a +0 pair of boots (worn)
 f - a +0 robe (worn)
 n - a +0 buckler
Jewellery
 k - a ring of willpower (left hand)
Scrolls
 h - a scroll of identify
 m - 2 scrolls of enchant weapon
 o - 2 scrolls of teleportation
 q - a scroll of enchant armour {unknown}
 v - a scroll of fear {unknown}
Potions
 a - 2 potions of mutation
 e - 3 potions of heal wounds
 g - 2 potions of berserk rage
 i - 2 potions of curing
 j - a potion of lignification {unknown}
 l - a potion of degeneration {unknown}
 p - a potion of invisibility {unknown}
 r - a potion of flight {unknown}
 t - a potion of haste {unknown}


   Skills:
 + Level 1.8 Fighting
 + Level 1.8 Short Blades
 + Level 1.8 Long Blades
 + Level 1.8 Axes
 + Level 1.8 Maces & Flails
 + Level 1.8 Polearms
 + Level 1.8 Staves
 + Level 1.8 Slings
 + Level 1.8 Bows
 + Level 1.8 Crossbows
 + Level 3.2 Throwing
 + Level 4.9 Armour
 + Level 3.2 Dodging
 + Level 6.2 Stealth
 + Level 1.8 Shields
 + Level 1.8 Unarmed Combat
 + Level 7.4 Spellcasting
 + Level 1.4 Conjurations
 + Level 1.4 Hexes
 + Level 1.4 Summonings
 + Level 1.4 Necromancy
 + Level 1.4 Translocations
 + Level 1.4 Transmutations
 + Level 1.4 Fire Magic
 + Level 1.4 Ice Magic
 + Level 1.4 Air Magic
 + Level 1.4 Earth Magic
 + Level 1.4 Poison Magic
 + Level 2.0 Invocations
 + Level 1.8 Evocations


You had 16 spell levels left.
You knew the following spells:

 Your Spells              Type           Power      Damage    Failure   Level
a - Shock                 Conj/Air       36%        1d5       8%          1
b - Static Discharge      Conj/Air       9%         N/A       12%         2

Your spell library contained the following spells:

 Spells                   Type           Power      Damage    Failure   Level
 Swiftness                Air            9%         N/A       22%         3
 Lightning Bolt           Conj/Air       4%         1d16      91%         5
 Maxwell's Capacitive Co  Air            4%         ∞         100%        8


Dungeon Overview and Level Annotations

Branches:
Dungeon (4/15)
 Temple: D:4-7

Altars:
Cheibriados
Vehumet


Innate Abilities, Weirdness & Mutations

You have very sharp teeth.
Your uncanny sense of smell can sniff out nearby items.
Your experience applies equally to all skills.


Message History

Throw: dart (datura)
Press: ? - help, Shift-Dir - straight line, f/p - black bear
Aim: a black bear (67% to hit, chance to frenzy on hit: 61%)
You throw a datura-tipped dart.
The datura-tipped dart hits the black bear.
The black bear flies into a frenzy!
You barely miss the black bear. The black bear misses you. x2
The black bear claws you but does no damage.
The black bear bites you! The black bear claws you. The black bear misses you.
You closely miss the black bear. The black bear bites you!
The black bear claws you but does no damage.
The black bear barely misses you.
An endoplasm comes into view.
You are too injured to fight recklessly!
Throw: 4 darts (atropa)
Press: ? - help, Shift-Dir - straight line, f/p - black bear
Aim: a black bear (fast, strong, frenzied and insane, 67% to hit, chance to blind on hit: 64%)
You throw an atropa-tipped dart.
The atropa-tipped dart barely misses the black bear.
The black bear misses you. The black bear claws you.
The black bear closely misses you. The black bear misses you.
The black bear barely misses you. The black bear closely misses you.
You aren't carrying any items that you can evoke.
Throw: 3 darts (atropa)
Press: ? - help, Shift-Dir - straight line, f/p - black bear
Aim: a black bear (fast, strong, frenzied and insane, 67% to hit, chance to blind on hit: 61%)
You throw an atropa-tipped dart.
The atropa-tipped dart hits the black bear!
The black bear resists.
The black bear bites you!
* * * LOW HITPOINT WARNING * * *
The black bear claws you.
* * * LOW HITPOINT WARNING * * *
The black bear barely misses you.
Your magical contamination has completely faded away.
The black bear growls angrily.
The black bear misses you. The black bear claws you.
* * * LOW HITPOINT WARNING * * *
The black bear claws you.
You die...

# #...#.#
###...#.#
......#.#
≈.......##########
♣♣#..#...........#
PP≈#...#########.#
≈≈P#.### #.#
♣≈P♣.# #.# ≈≈≈≈≈#
#@# ≈♣≈≈♣. #h#
P≈≈≈♣ . #.# P≈≈≈♣
#(# ≈≈≈♣ #..(.#
+........
####.J....
#..#.#.# #.##.#.#


You could see a neutral black bear (fast, strong, insane).

Vanquished Creatures
  Grinder (D:3)
  An adder (D:3)
  3 worms
  2 dart slugs
  7 endoplasms
  3 giant cockroaches
  6 goblins
  8 hobgoblins
  2 ball pythons (D:1)
  4 bats
  2 frilled lizards
  9 kobolds
  A rat (D:2)
49 creatures vanquished.

Notes
Turn   | Place    | Note
-------+----------+-------------------------------------------
     0 | D:1      | Crownlay the Gnoll Wanderer began the quest for the Orb.
     0 | D:1      | Crownlay set off with the following items: a +0 dagger, 2
                  | atropa-tipped darts, 2 datura-tipped darts, a +0 pair of
                  | boots, a potion of heal wounds, a +0 robe; and the
                  | following spell memorised: Shock; and the following spells
                  | available to memorise: Swiftness
     0 | D:1      | Reached XP level 1. HP: 13/13 MP: 8/8
   558 | D:1      | Reached XP level 2. HP: 19/19 MP: 10/10
  1843 | D:2      | Reached XP level 3. HP: 25/25 MP: 9/11
  1970 | D:2      | Learned a level 2 spell: Static Discharge
  1977 | D:2      | Found a faded altar of an unknown god.
  2226 | D:2      | Reached skill level 1 in Invocations
  2888 | D:3      | Identified the +9 whip "Ylan" {vorpal, rN+}
  2933 | D:3      | Reached skill level 1 in Fighting
  2933 | D:3      | Reached skill level 1 in Short Blades
  2933 | D:3      | Reached skill level 1 in Long Blades
  2933 | D:3      | Reached skill level 1 in Axes
  2933 | D:3      | Reached skill level 1 in Maces & Flails
  2933 | D:3      | Reached skill level 1 in Polearms
  2933 | D:3      | Reached skill level 1 in Staves
  2933 | D:3      | Reached skill level 1 in Slings
  2933 | D:3      | Reached skill level 1 in Bows
  2933 | D:3      | Reached skill level 1 in Crossbows
  2933 | D:3      | Reached skill level 1 in Shields
  2933 | D:3      | Reached skill level 1 in Unarmed Combat
  2933 | D:3      | Reached skill level 1 in Evocations
  3092 | D:3      | Reached XP level 4. HP: 32/32 MP: 9/13
  3330 | D:3      | Noticed Grinder
  3332 | D:3      | Paralysed by Grinder for 4 turns
  3349 | D:3      | Killed Grinder
  3350 | D:3      | Reached skill level 1 in Conjurations
  3350 | D:3      | Reached skill level 1 in Hexes
  3350 | D:3      | Reached skill level 1 in Summonings
  3350 | D:3      | Reached skill level 1 in Necromancy
  3350 | D:3      | Reached skill level 1 in Translocations
  3350 | D:3      | Reached skill level 1 in Transmutations
  3350 | D:3      | Reached skill level 1 in Fire Magic
  3350 | D:3      | Reached skill level 1 in Ice Magic
  3350 | D:3      | Reached skill level 1 in Air Magic
  3350 | D:3      | Reached skill level 1 in Earth Magic
  3350 | D:3      | Reached skill level 1 in Poison Magic
  3350 | D:3      | Reached XP level 5. HP: 9/38 MP: 10/14
  3350 | D:3      | Reached XP level 6. HP: 10/44 MP: 11/16
  3631 | D:3      | Found a radiant altar of Vehumet.
  3989 | D:3      | Found a snail-covered altar of Cheibriados.
  4140 | D:4      | Noticed a black bear
  4150 | D:4      | Slain by a black bear

Illustrated notes

Levels and vault maps discovered:
D:1:      wheals_arrival_linesprint, layout_basic
D:2:      layout_loops_ring, hellmonk_ecumenical_altar_crossroads
D:3:      layout_basic, nicolae_vehumet_altar_sigil, cheibrodos_worm_habitat,
          uniq_grinder
D:4:      layout_loops_corners, lemuel_blue_sif_altar, lemuel_crystal_altar,
          zin_academy, general_overflow_altar, serial_bayou,
          serial_bayou_lake_a, serial_bayou_shore_a, serial_bayou_shore_b,
          serial_bayou_pond_c

Skill      XL: |  1  2  3  4 |
---------------+-------------+-----
Stealth        | 6 |  6.2
Invocations    | 1 2 |  2.0
Fighting       | 1 |  1.8
Short Blades   | 1 |  1.8
Long Blades    | 1 |  1.8
Axes           | 1 |  1.8
Maces & Flails | 1 |  1.8
Polearms       | 1 |  1.8
Staves         | 1 |  1.8
Slings         | 1 |  1.8
Bows           | 1 |  1.8
Crossbows      | 1 |  1.8
Shields        | 1 |  1.8
Unarmed Combat | 1 |  1.8
Evocations     | 1 |  1.8
Throwing       | 3 |  3.2
Dodging        | 3 |  3.2
Conjurations   | 1 |  1.4
Hexes          | 1 |  1.4
Summonings     | 1 |  1.4
Necromancy     | 1 |  1.4
Translocations | 1 |  1.4
Transmutations | 1 |  1.4
Fire Magic     | 1 |  1.4
Ice Magic      | 1 |  1.4
Air Magic      | 1 |  1.4
Earth Magic    | 1 |  1.4
Poison Magic   | 1 |  1.4
Armour         | |  4.9
Spellcasting   | |  7.4

Action                   |  1- 3 |  4- 6 || total
-------------------------+-------+-------++-------
Melee: Dagger            |    62 |       ||    62
       Bite              |    10 |     2 ||    12
       Long sword        |    23 |       ||    23
       Whip              |     6 |    30 ||    36
       Punch             |       |     2 ||     2
Throw: Dart              |     5 |     3 ||     8
 Cast: Shock             |    57 |    16 ||    73
       Static Discharge  |     1 |     1 ||     2
  Use: Scroll            |     5 |     1 ||     6
 Stab: Sleeping          |     6 |       ||     6
       Distracted        |     1 |       ||     1
Armor: Robe              |    18 |     5 ||    23
Dodge: Dodged            |    61 |    21 ||    82

Table legend: (Time is in decaauts)
 A = Elapsed time spent in this place.
 B = Non-inter-level travel time spent in this place.
 C = Inter-level travel time spent in this place.
 D = Time resting spent in this place.
 E = Time spent auto-exploring this place.
 F = Levels seen in this place.
 G = Mean time per level.
                   A        B        C        D        E       F      G
               +--------+--------+--------+--------+--------+-----+--------+
         Total |   4171 |   4057 |    114 |      0 |   3565 |   4 | 1042.8 |
       Dungeon |   4171 |   4057 |    114 |      0 |   3565 |   4 | 1042.8 |
               +--------+--------+--------+--------+--------+-----+--------+

Top non-repeatable levels by time:
     D:2: 1657 daAuts
     D:3: 1309 daAuts
     D:1: 1136 daAuts
     D:4: 68 daAuts
